Match 45264537
Unlisted

Match 45264537
End
Kettenkrad Recon Vehicle
Construct Infanterie Kompanie
Selects Terror Battlegroup
Grenadier Squad
Grenadier Squad
Selects Heavy Gunnery
MG 42 Machine Gun Team
Construct Luftwaffe Kompanie
Medical Bunker
221 Scout Car
Jäger Squad
Support Elements
Selects Contempt for the Weak
Selects Interrogate
Wirbelwind Flakpanzer
GrW 34 Mortar Team
Selects Defend the Fatherland
Jäger Squad
Construct Panzer Kompanie
Marder III M Tank Destroyer
Stoßtruppen Squad
Selects King Tiger Heavy Tank
King Tiger Heavy Tank
Flak 30 Anti-aircraft Gun Team
Engine1000
Meder
Skeng.Tecnica.International
Rather Splendid Cromwell
0
0

Comments sign in to comment!

No comments posted yet!